 Dungeon Sprint DCSS version 0.17-a0-1504-gb7d9117 (webtiles) character file.

1211 nuthulu the Arsonist (level 8, -6/58 HPs)
             Began as a Grey Draconian Fire Elementalist on July 7, 2015.
             Was a High Priest of Vehumet.
             Killed from afar by Togeh the pandemonium lord (26 damage)
             ... with a spray of metal splinters
             ... in the Dungeon (Sprint V: "Ziggurat Sprint").
             The game lasted 00:03:07 (607 turns).

nuthulu the Arsonist (DrFE)                          Turns: 607, Time: 00:03:07

Health: -6/58      AC: 11    Str: 15    XL:     8   Next: 22%
Magic:  6/20       EV: 15    Int: 28    God:    Vehumet [*****.]
Gold:   0          SH:  0    Dex: 12    Spells: 2 memorised, 17 levels left

rFire  . . .     SeeInvis .     I - +10 long sword of Classification {drain, rElec rPois Str+3}
rCold  . . .     Clarity  .     (armour unavailable)
rNeg   . . .     SustAt   .     (no shield)
rPois  +         Gourm    .     (helmet restricted)
rElec  +         Spirit   .     (no cloak)
rCorr  .         Warding  .     (no gloves)
rMut   .         NoTele   +     (no boots)
MR     .....                    (no amulet)
Stlth  ++........               D - +6 ring of intelligence
                                E - +6 ring of intelligence

@: slowed, very slow, not resistant to hostile enchantments, unstealthy
A: walk through water, unfitting armour, unbreathing, cold-blooded, AC +11
a: Renounce Religion


You were in the Dungeon.
You worshipped Vehumet.
Vehumet was extremely pleased with you.
You were hungry.

You visited 1 branch

Inventory:

Hand weapons
 I - the +10 long sword of Classification (weapon) {drain, rElec rPois Str+3}
   (You found it in the Dungeon)

   A truly terrible weapon, it drains the life of those it strikes.
   It affects your strength (+3).
   It insulates you from electricity.
   It protects you from poison.
Armour
 H - a +3 shield
Jewellery
 B - a +6 ring of dexterity
 C - a +6 ring of dexterity
 D - a +6 ring of intelligence (right hand)
 E - a +6 ring of intelligence (left hand)
 F - a +6 ring of strength
 G - a +6 ring of strength
Magical devices
 x - a wand of disintegration (7)
 y - a wand of fire (2)
 z - a wand of cold (4)
 A - a wand of draining (5)
Scrolls
 h - 4 scrolls of blinking
 l - a scroll of brand weapon
 o - 4 scrolls of amnesia
 p - 3 scrolls of recharging
 q - 7 scrolls of fog
 s - 5 scrolls of identify
 t - 5 scrolls of remove curse
 u - 2 scrolls of fear
Potions
 c - 10 potions of curing
 d - 9 potions of heal wounds
 e - 6 potions of haste
 f - 7 potions of magic
 g - 3 potions of berserk rage
 i - a potion of brilliance
 j - 2 potions of invisibility
 k - 4 potions of resistance
 m - 5 potions of agility
 n - 5 potions of might
Books
 a - a book of Flames

   Spells                             Type                      Level
   a - Flame Tongue                   Conjuration/Fire             1
   b - Throw Flame                    Conjuration/Fire             2
   c - Conjure Flame                  Conjuration/Fire             3
   d - Inner Flame                    Hexes/Fire                   3
   e - Sticky Flame                   Conjuration/Fire             4
   f - Fireball                       Conjuration/Fire             5
Comestibles
 b - 5 bread rations
 v - 42 fruits
 w - 4 meat rations


   Skills:
 + Level 0.7 Fighting
 + Level 0.4 Long Blades
 + Level 6.5 Dodging
 + Level 4.9 Stealth
 + Level 8.1 Spellcasting
 + Level 4.7 Conjurations
 + Level 12.8 Fire Magic
 + Level 2.6 Evocations


You had 17 spell levels left.
You knew the following spells:

 Your Spells              Type           Power        Failure   Level  Hunger
a - Flame Tongue          Conj/Fire      #####        1%          1    None
b - Fireball              Conj/Fire      ######....   1%          5    ####...


Dungeon Overview and Level Annotations

Branches:
Dungeon (1/1)

Altars:
Ashenzari
Cheibriados
Dithmenos
Elyvilon
Fedhas
Gozag
Kikubaaqudgha
Makhleb
Nemelex Xobeh
Okawaru
Qazlal
Ru
Sif Muna
Trog
Vehumet
Xom
Yredelemnul
Zin
The Shining One
Beogh
Jiyva
Lugonu


Innate Abilities, Weirdness & Mutations

You can walk through water.
Your dull iron-grey scales are very hard (AC +11).
Your body does not fit into most forms of armour.
You can survive without breathing.
You are cold-blooded and may be slowed by cold attacks.


Message History

Togeh gestures wildly while chanting.
Togeh flickers and vanishes!
Deactivating autopickup; reactivate with Ctrl-A.
Something hits you but does no damage. Something hits you!
You see here an uncursed staff of fire.
You see here the Guide on the Frostbite and Darkness.
Something hits you!!
Ouch! That really hurt!
* * * LOW HITPOINT WARNING * * *
You hear some strange, mumbled words.
You feel as though you will be slow longer.
You see here the +8 arbalest "Bafitat" {freeze, MR+}.
You see here the Catalogue of the Lucky Birds.
Drink which item? (? for menu, Esc to quit)
You feel much better. Something hits you!
You hear some strange, mumbled words.
A spray of metal splinters appears from out of thin air!
The spray of metal splinters hits you!
You die...

▓..)})...▓..})[...▓
▓..†)....▓..:.)...▓
▓...)....▓........▓
▓........▓...††...▓
▓.▓....▓.▓.▓....▓.▓
▓........▓........▓
▓▓▓▓▓▓▓▓▓▓▓▓▓▓▓▓▓▓▓
▓..8©8..▓ ▓..@{:..▓
▓..?=...▓ ▓....|..▓
▓.......▓ ▓.......▓
▓.......▓ ▓.......▓
▓.......▓ ▓▓▓▓▓▓▓▓▓


There were no monsters in sight!

Vanquished Creatures
  A troll (D)
  A blue devil (D)
  A slime creature (D)
  A yak (D)
  A water moccasin (D)
  An ogre (D)
  A crimson imp (D)
  An orc priest (D)
  2 jellies (D)
  An orc wizard (D)
  An iguana (D)
  2 adders (D)
  3 white imps (D)
  An ooze (D)
  2 orcs (D)
  2 ball pythons (D)
  A jackal (D)
23 creatures vanquished.

Notes
Turn   | Place    | Note
--------------------------------------------------------------
     0 | D        | nuthulu the Draconian Fire Elementalist began the quest for the Orb.
     0 | D        | Reached XP level 1. HP: 14/14 MP: 3/3
     0 | D        | Found a roughly hewn altar of Beogh.
     0 | D        | Found a corrupted altar of Lugonu.
     0 | D        | Found a viscous altar of Jiyva.
     0 | D        | Found a white marble altar of Elyvilon.
     0 | D        | Found a sparkling altar of Nemelex Xobeh.
     0 | D        | Found a burning altar of Makhleb.
     0 | D        | Found an iron altar of Okawaru.
     0 | D        | Found a deep blue altar of Sif Muna.
     0 | D        | Found a radiant altar of Vehumet.
     0 | D        | Found a bloodstained altar of Trog.
     0 | D        | Found a shimmering altar of Xom.
    35 | D        | Became a worshipper of Vehumet
    41 | D        | Reached skill level 4 in Fire Magic
    41 | D        | Reached XP level 2. HP: 20/20 MP: 3/6
   107 | D        | Entered arena 1.
   107 | D        | Noticed an ogre
   107 | D        | Noticed a troll
   110 | D        | Killed a troll
   110 | D        | Reached skill level 5 in Dodging
   110 | D        | Reached skill level 5 in Spellcasting
   110 | D        | Reached skill level 9 in Fire Magic
   110 | D        | Reached skill level 1 in Evocations
   110 | D        | Reached XP level 3. HP: 26/26 MP: 7/10
   110 | D        | Reached XP level 4. HP: 33/33 MP: 7/11
   110 | D        | Reached XP level 5. HP: 38/38 MP: 8/13
   111 | D        | Killed an ogre
   111 | D        | Reached skill level 10 in Fire Magic
   111 | D        | Reached XP level 6. HP: 23/45 MP: 9/15
   118 | D        | Learned a level 5 spell: Fireball
   258 | D        | Entered arena 2.
   258 | D        | Noticed an iguana
   258 | D        | Noticed a yak
   260 | D        | Killed an iguana
   260 | D        | Acquired Vehumet's first power
   260 | D        | Offered knowledge of Shock by Vehumet.
   262 | D        | Killed a yak
   262 | D        | Your scales start taking on a dull iron-grey colour.
   262 | D        | Gained mutation: You can survive without breathing. [Grey Draconian growth]
   262 | D        | Reached XP level 7. HP: 50/50 MP: 5/17
   350 | D        | Entered arena 3.
   350 | D        | Noticed a jelly
   350 | D        | Noticed a slime creature
   350 | D        | Noticed a jelly
   351 | D        | Killed a jelly
   351 | D        | Reached skill level 11 in Fire Magic
   351 | D        | Killed a jelly
   358 | D        | Killed a slime creature
   396 | D        | Got the +10 long sword of Classification {drain, rElec rPois Str+3}
   418 | D        | Entered arena 4.
   418 | D        | Noticed an orc wizard
   418 | D        | Noticed an orc priest
   419 | D        | Offered knowledge of Freeze by Vehumet.
   419 | D        | Acquired Vehumet's second power
   421 | D        | Killed an orc wizard
   421 | D        | Reached skill level 12 in Fire Magic
   421 | D        | Killed an orc priest
   476 | D        | Entered arena 5.
   476 | D        | Noticed a water moccasin
   477 | D        | Acquired Vehumet's third power
   485 | D        | Killed a water moccasin
   591 | D        | Entered arena 6.
   591 | D        | Noticed Togeh the pandemonium lord
   591 | D        | Noticed a blue devil
   591 | D        | Noticed a crimson imp
   592 | D        | Offered knowledge of Mephitic Cloud by Vehumet.
   593 | D        | Killed a crimson imp
   593 | D        | Reached XP level 8. HP: 57/57 MP: 16/19
   593 | D        | Killed a blue devil
   607 | D        | Killed from afar by Togeh the pandemonium lord

Vault maps used:
D:        sprint_v

Action                   |  1- 3 |  4- 6 |  7- 9 || total
-------------------------+-------+-------+-------++-------
Melee: Long sword        |       |       |     7 ||     7
 Cast: Fireball          |       |     2 |     8 ||    10
       Flame Tongue      |       |     1 |     9 ||    10
Evoke: Wand              |     2 |     2 |       ||     4
  Use: Potion            |     2 |       |     1 ||     3
       Scroll            |       |       |     1 ||     1
